 Dungeon Crawl Stone Soup version 0.29-a0-323-g050149af67 (webtiles) character file.

Game seed: 5911306771436592664

39793 spaghetti the Warrior (level 13, -2/122 HPs)
             Began as a Demonspawn Conjurer on Apr 11, 2022.
             Was the Champion of Cheibriados.
             Hit by a large rock thrown by a cyclops (39 damage)
             ... on level 14 of the Dungeon.
             The game lasted 00:41:53 (21881 turns).

spaghetti the Warrior (Demonspawn Conjurer)        Turns: 21881, Time: 00:41:53

Health: -2/122     AC: 12    Str: 22    XL:     13   Next: 71%
Magic:  27/36      EV: 10    Int: 43    God:    Cheibriados [******]
Gold:   1017       SH: 11    Dex: 28    Spells: 21/32 levels left

rFire   x . .      SeeInvis +   O - +3 short sword "Hutyil" {vorpal, Int+4 SInv, short}
rCold   + + .      Faith    +   F - +0 buckler
rNeg    . . .      Spirit   .   G - +1 ice dragon scales
rPois   .          Reflect  .   (helmet restricted)
rElec   .          Harm     +   m - scarf {harm}
rCorr   .          Rampage  .   (no gloves)
Will    .....      Clarity  +   r - +2 pair of boots
Stlth   +.........              B - amulet of faith {!P}
HPRegen 0.30/turn               e - ring of magical power
MPRegen 0.25/turn               i - +4 ring of protection

@: mighty, very slow
A: horns 2, large bone plates 2, powered by pain 1, spiny 1, clarity, deformed
body
a: Renounce Religion, Bend Time, Temporal Distortion, Slouch, Step From Time


You were on level 14 of the Dungeon.
You worshipped Cheibriados.
Cheibriados was exalted by your worship.
You visited 2 branches of the dungeon, and saw 15 of its levels.

You collected 1185 gold pieces.
You spent 168 gold pieces at shops.


Innate Abilities, Weirdness & Mutations

You have a pair of horns on your head.
You are mostly covered in large bone plates. (SH +6)
You sometimes gain a little power by taking damage.
You are partially covered in sharp spines.
You possess an exceptional clarity of mind.
Armour fits poorly on your strangely shaped body.


   Skills:
 + Level 17.8 Fighting
 - Level 1.7 Dodging
 - Level 1.7 Stealth
 - Level 10.0 Spellcasting
 - Level 12.1 Conjurations
 - Level 2.0 Hexes
 - Level 2.0 Translocations


You had 21 spell levels left.
You knew the following spells:

 Your Spells              Type           Power      Damage    Failure   Level
a - Magic Dart            Conj           100%       1d8       1%          1
b - Searing Ray           Conj           100%       2d8       1%          2
c - Fulminant Prism       Conj/Hex       35%        3d18      3%          4
d - Iskenderun's Mystic   Conj/Tloc      70%        2d14      3%          4

Your spell library contained the following spells:

 Spells                   Type           Power      Damage    Failure   Level
 Dazzling Flash           Conj/Hex       100%       N/A       1%          3
 Beastly Appendage        Tmut           42%        N/A       7%          1
 Corpse Rot               Necr/Air       42%        N/A       11%         2
 Poisonous Vapours        Pois/Air       42%        N/A       11%         2
 Wereblood                Tmut           21%        N/A       11%         2
 Inner Flame              Hex/Fire       30%        N/A       14%         3
 Spider Form              Tmut/Pois      21%        N/A       21%         3
 Cause Fear               Hex            19%        N/A       30%         4
 Lee's Rapid Deconstruct  Erth           10%        3d9*      88%         5
 Discord                  Hex            19%        N/A       100%        8

Inventory:

Hand Weapons
 h - a +4 quarterstaff of chaos {staff}
   (You took it off Crazy Yiuf on level 2 of the Dungeon)
 k - the +3 dagger "Qer Weps" {flame, Str+5 Int+2, short}
   (You took it off a goblin on level 3 of the Dungeon)

   It burns those it strikes, dealing additional fire damage.
   Str:       It affects your strength (+5).
   Int:       It affects your intelligence (+2).
 E - the +3 woodcutter's axe {vorpal}
   (You took it off a gnoll on level 7 of the Dungeon)

   It inflicts extra damage upon your enemies.
 O - the +3 short sword "Hutyil" (weapon) {vorpal, Int+4 SInv, short}
   (You found it on level 10 of the Dungeon)

   It inflicts extra damage upon your enemies.
   Int:       It affects your intelligence (+4).
   SInv:      It lets you see invisible.
Missiles
 l - 387 stones {throwing}
 n - 5 boomerangs {throwing}
 o - 35 poisoned darts {throwing}
 q - 4 curare-tipped darts {=fthrowing}
 x - 3 throwing nets {=f!fthrowing}
 U - 6 javelins {throwing}
Armour
 a - a +0 robe
 m - a scarf of harm (worn)
   (You found it on level 1 of the Dungeon)
 r - a +2 pair of boots (worn)
   (You found it on level 2 of the Dungeon)
 s - an orb of guile
   (You found it on level 2 of the Dungeon)
 C - +0 steam dragon scales
   (You found it on level 6 of the Dungeon)
 F - a +0 buckler (worn)
   (You took it off a gnoll sergeant on level 7 of the Dungeon)
 G - +1 ice dragon scales (worn)
   (You took it off a wight on level 9 of the Dungeon)
 S - the +5 ring mail "Umif" {Dex+3}
   (You found it on level 12 of the Dungeon)

   Dex:       It affects your dexterity (+3).
Magical Staves
 I - a staff of poison {!astaff}
   (You found it on level 14 of the Dungeon)
Jewellery
 e - a ring of magical power (left hand)
   (You found it on level 1 of the Dungeon)
 i - a +4 ring of protection (right hand)
   (You found it on level 7 of the Dungeon)
 v - a ring of fire
   (You took it off an orc wizard on level 5 of the Dungeon)
 z - an amulet of regeneration {@e2}
   (You found it on level 6 of the Dungeon)
 B - an amulet of faith (around neck) {!P}
   (You took it off a centaur on level 6 of the Dungeon)
 L - an amulet of reflection
   (You found it on level 9 of the Dungeon)
 T - a ring of poison resistance
   (You found it on level 12 of the Dungeon)
Wands
 c - a wand of paralysis (3)
   (You found it on level 9 of the Dungeon)
 j - a wand of polymorph (5)
   (You took it off Crazy Yiuf on level 2 of the Dungeon)
 A - a wand of iceblast (16)
   (You took it off a centaur on level 6 of the Dungeon)
Scrolls
 g - 4 scrolls of immolation {!r!r}
 p - a scroll of enchant weapon
 u - 3 scrolls of magic mapping {!r}
 w - 2 scrolls of enchant armour
 y - 2 scrolls of vulnerability {!r!r}
 J - 3 scrolls of fog
 K - 2 scrolls of noise {!r}
 N - a scroll of silence {!r}
 P - 3 scrolls of amnesia
 R - 9 scrolls of identify {@r1}
Potions
 b - 4 potions of magic
 d - 7 potions of curing {@q1}
 f - a potion of flight
 t - 2 potions of cancellation
 D - 2 potions of brilliance
 H - a potion of might
 M - a potion of mutation {!q}
 Q - 3 potions of attraction {!q}
 V - 5 potions of ambrosia
 W - 2 potions of lignification {!q}

Dungeon Overview and Level Annotations

Branches:
Dungeon (14/15)            Temple (1/1) D:6            Lair (0/6) D:9
    Orc (0/2) D:11         Vaults (0/5) D:14

Altars:
Ashenzari
Cheibriados
Dithmenos
Elyvilon
Fedhas
Gozag
Hepliaklqana
Kikubaaqudgha
Makhleb
Nemelex Xobeh
Okawaru
Qazlal
Sif Muna
Trog
Uskayaw
Vehumet
Wu Jian
Xom
Yredelemnul
Zin
The Shining One

Shops:
D:3 !!   D:9 ?(*

Annotations:
D:9 1 runed translucent door
D:11 1 exclusion

############
#######...........
#.................
#######.....#.......*.C.
........###.#...........
...........>'...........
#######.....#...........
....# #..####...@.......
###.# #..# ############
..#.####.# ###..# #.#
.....###.######
###......)....# #######
# #....#.####.# #.....#
# ##.....# #.####
#.###.# # #...##.#
#....# #.....#


You could see a cyclops (ally target) and a friendly fulminant prism.


Message History

The barbed spikes become lodged in your body.
You focus on the pain.
You feel agile all of a sudden. 😕 HP[-14] MP[-1]
You take 14 damage, and now have 108/122 hp.
You lost 1 mp, and now have 27/36 mp.
Casting: Magic Dart (safe; 1% risk of failure)
Confirm with . or Enter, or press ? or * to list all spells.
Aiming: Searing Ray (safe; 1% risk of failure)
Press: ? - help, Shift-Dir - straight line, f/p - manticore
Aim: a manticore (severely wounded, 90% to hit)
The searing ray hits the manticore! (Press . to maintain the ray.) 😕 MP[-1]
You lost 1 mp, and now have 26/36 mp.
The searing ray hits the manticore!
You kill the manticore!
Cheibriados appreciates the change of pace. 😕 MP[-1]
You lost 1 mp, and now have 25/36 mp.
You start resting.
You carefully extract the barbed spikes from your body.
You feel a little less agile now. 😕 HP[+13] MP[+11]
You regained 13 hp, and now have 121/122 hp.
Your mp is fully restored (36).
You start resting. 😎 HP[+1]
Your hp is fully restored (122).
There is an open door here.
Key pressed, stopping explore.
Found a stone staircase leading down.
You now have 997 gold pieces (gained 18).
u - 3 scrolls of magic mapping {!r} (gained 1)
You pick up a book of Blasting and begin reading...
You add the spell Lee's Rapid Deconstruction to your library.
R - 9 scrolls of identify {@r1} (gained 1) Key pressed, stopping explore.
Things that are here:
a +0 whip {mace}; a +0 robe
Things that are here:
a +0 short sword {short}; a +0 leather armour
Things that are here:
a +0 shortbow {bow}; a +5 scimitar of holy wrath {long}; a +0 leather armour
There is an open door here.
Found a stone staircase leading up.
Okay, then.
There is a stone staircase leading up here.
You now have 1017 gold pieces (gained 20).
Key pressed, stopping explore.
You see here a +0 longbow {bow}.
There is a stone staircase leading down here.
You open the door.
There is an open door here.
A cyclops comes into view.
The cyclops throws a large rock.
You block the large rock.
A cyclops is nearby!
A cyclops is nearby!
A cyclops is nearby!
Casting: Searing Ray (safe; 1% risk of failure)
Confirm with . or Enter, or press ? or * to list all spells.
Aiming: Fulminant Prism (mildly dangerous; 3% risk of failure)
Press: ? - help, Dir - move target You conjure a prism of explosive energy!
A fulminant prism comes into view. 😎 MP[-4]
You lost 4 mp, and now have 32/36 mp.
The magic dart hits the cyclops.
The cyclops throws a large rock.
The large rock hits you!!!
You focus on the pain.
You feel very mighty all of a sudden.
Your fulminant prism crackles loudly. 😮 HP[-43] MP[-1]
You take 43 damage, and now have 79/122 hp.
MASSIVE DAMAGE!! (PAUSE)
You lost 1 mp, and now have 31/36 mp.
You are too injured to fight recklessly!
Aiming: Magic Dart (safe; 1% risk of failure)
Press: ? - help, Q - select action, (/) - cycle Shift-Dir - straight line, f/p - cyclops
Aim: a cyclops, quivering large rocks (lightly wounded, ally target, 100% to hit)
The magic dart hits the cyclops.
The cyclops throws a large rock.
The large rock hits you!!!
* * * LOW HITPOINT WARNING * * *
The blast of energy engulfs the cyclops!! 😨 HP[-42] MP[-1]
You take 42 damage, and now have 37/122 hp.
MASSIVE DAMAGE!! (PAUSE)
You lost 1 mp, and now have 30/36 mp.
Unknown command.
Okay, then.
Casting: Magic Dart (safe; 1% risk of failure)
Confirm with . or Enter, or press ? or * to list all spells.
Okay, then.
Casting: Magic Dart (safe; 1% risk of failure)
Confirm with . or Enter, or press ? or * to list all spells.
Aiming: Fulminant Prism (mildly dangerous; 3% risk of failure)
Press: ? - help, Dir - move target, p - cyclops You conjure a prism of explosive energy!
A fulminant prism comes into view.
The cyclops throws a large rock.
The large rock hits you!!
You die...

Skill      XL: |  1  2  3  4  5  6  7  8  9 10 11 12 13 |
---------------+----------------------------------------+-----
Conjurations   | 5 6 8 10 11 12 | 12.1
Spellcasting   | 4 5 6 7 10 | 10.0
Fighting       | 3 9 13 14 16 17 | 17.8
Hexes          | 2 |  2.0
Translocations | 2 |  2.0
Dodging        | |  1.7
Stealth        | |  1.7

Action                   |  1- 3 |  4- 6 |  7- 9 | 10-12 | 13-15 || total
-------------------------+-------+-------+-------+-------+-------++-------
Melee: Short sword       |       |     2 |       |    13 |     2 ||    17
       Quarterstaff      |       |     1 |       |       |       ||     1
       Dagger            |       |       |       |     9 |       ||     9
       Headbutt          |       |       |       |     6 |     2 ||     8
 Cast: Magic Dart        |    84 |   112 |   226 |   275 |    31 ||   728
       Searing Ray       |     1 |    10 |    24 |    64 |    12 ||   111
       Fulminant Prism   |       |       |     8 |    64 |    28 ||   100
       Iskenderun's Myst |       |       |    10 |    45 |    28 ||    83
Evoke: Wand              |       |       |       |     8 |     2 ||    10
  Use: Potion            |       |     6 |       |     8 |     1 ||    15
       Scroll            |       |       |     9 |    15 |     2 ||    26
Armor: Robe              |     1 |    12 |     5 |       |       ||    18
       Skin              |       |     1 |       |       |       ||     1
       Steam dragon scal |       |       |     8 |     8 |       ||    16
       Ice dragon scales |       |       |       |    38 |     8 ||    46
Dodge: Dodged            |     3 |    15 |    32 |    86 |     8 ||   144
Block: Other             |     1 |     5 |    13 |       |       ||    19
       Buckler           |       |       |     5 |   144 |    21 ||   170

Levels and vault maps discovered:
D:1:      psy_arrival_wood_between_worlds, layout_loops_ring
D:2:      layout_loops_ring, lightli_corner_chamber, uniq_sigmund,
          uniq_crazy_yiuf_cottage
D:3:      layout_loops_ring, serial_shops, nicolae_lakefront_shop, shop,
          shop_statue, shapermc_ecumenical_altar_mp_ritualfount, uniq_terence
D:4:      layout_loops_cross
D:5:      layout_loops_ring, nicolae_uskayaw_dance_hall
D:6:      layout_loops_ring, mainiacjoe_overflow_small_starburst,
          minmay_temple_entry_antechambers, serial_bayou_lagoon_b
D:7:      layout_rooms, dreamdust_princess_bridge,
          chequers_serial_rivers_micro_d, pf_guarded_unrand_woodcutter
D:8:      layout_gridville
D:9:      cheibrodos_histonic, layout_basic, mainiacjoe_overflow_brackets,
          gammafunk_temple_overflow_claw, serial_shops, shop, shop,
          nicolae_shop_waterfront, minivault_16, minmay_misc_feat_diagonals
D:10:     layout_stronghold
D:11:     layout_basic, erik_orc_2, amethyst_killhole, uniq_grum
D:12:     layout_loops_cross, uniq_snorg
D:13:     layout_roguey, minivault_7, uniq_maurice, uniq_lodul
D:14:     layout_basic, hangedman_vaults_entry_quadrant_bands,
          evilmike_ruin_ashenzari
Temple:   lightli_temple_of_artemis

Notes
Turn   | Place    | Note
-------+----------+-------------------------------------------
     0 | D:1      | spaghetti the Demonspawn Conjurer began the quest for the
                  | Orb.
     0 | D:1      | Reached XP level 1. HP: 13/13 MP: 3/3
     0 | D:1      | magus.rc [v1.9.6]
   265 | D:1      | Gained mutation: You are partially covered in large bone
                  | plates. (SH +4) [demonic ancestry]
   265 | D:1      | Reached XP level 2. HP: 19/19 MP: 5/5
   541 | D:1      | Learned a level 2 spell: Searing Ray
  1163 | D:1      | Gained mutation: You are partially covered in sharp spines.
                  | [demonic ancestry]
  1163 | D:1      | Reached XP level 3. HP: 24/24 MP: 6/6
  1251 | D:1      | You fall into a shaft and drop 1 floor!
  1348 | D:2      | Reached skill level 5 in Conjurations
  1352 | D:2      | Reached XP level 4. HP: 30/30 MP: 5/8
  1356 | D:2      | Reached skill level 3 in Spellcasting
  1679 | D:2      | Learned a level 4 spell: Fulminant Prism
  2041 | D:2      | Found a runed translucent door.
  2042 | D:2      | Noticed Crazy Yiuf
  2145 | D:2      | Noticed Sigmund
  2178 | D:2      | Killed Sigmund
  2179 | D:2      | Reached skill level 4 in Spellcasting
  2179 | D:2      | Reached skill level 6 in Conjurations
  2179 | D:2      | Gained mutation: You sometimes gain a little power by
                  | taking damage. [demonic ancestry]
  2179 | D:2      | Reached XP level 5. HP: 28/35 MP: 7/11
  2179 | D:2      | Reached XP level 6. HP: 33/41 MP: 7/12
  2491 | D:2      | Killed Crazy Yiuf
  2583 | D:3      | Noticed Terence
  2593 | D:3      | Killed Terence
  2843 | D:3      | Found a faded altar of an unknown god.
  2856 | D:3      | Identified the +3 dagger "Qer Weps" {flame, Str+5 Int+2}
  3155 | D:3      | Found Oruytam's Distillery.
  3163 | D:3      | Bought a potion of mutation for 80 gold pieces
  3163 | D:3      | Gained mutation: Your mind is acute. (Int +2) [potion of
                  | mutation]
  3163 | D:3      | Gained mutation: You are frail. (-10% HP) [potion of
                  | mutation]
  3163 | D:3      | Gained mutation: You have a pair of small horns on your
                  | head. [potion of mutation]
  3393 | D:3      | Found Furaujed's Distillery.
  3411 | D:3      | Bought a potion of mutation for 88 gold pieces
  3411 | D:3      | Lost mutation: You are frail. (-10% HP) [potion of
                  | mutation]
  3411 | D:3      | Lost mutation: Your mind is acute. (Int +2) [potion of
                  | mutation]
  3411 | D:3      | Gained mutation: You possess an exceptional clarity of
                  | mind. [potion of mutation]
  3411 | D:3      | Gained mutation: Armour fits poorly on your strangely
                  | shaped body. [potion of mutation]
  3411 | D:3      | Gained mutation: Your spells are a little easier to cast,
                  | but a little less powerful. [potion of mutation]
  3417 | D:3      | Learned a level 4 spell: Iskenderun's Mystic Blast
  3555 | D:4      | Reached skill level 5 in Spellcasting
  3555 | D:4      | Reached XP level 7. HP: 44/46 MP: 12/14
  3792 | D:4      | Reached skill level 7 in Conjurations
  3938 | D:4      | You pick up a book of Changes and begin reading...
  3938 | D:4      | You add the spells Beastly Appendage, Wereblood and Spider
                  | Form to your library.
  4359 | D:5      | Entered Level 5 of the Dungeon
  4813 | D:5      | Reached skill level 6 in Spellcasting
  4893 | D:5      | Reached skill level 8 in Conjurations
  4893 | D:5      | Gained mutation: You are mostly covered in large bone
                  | plates. (SH +6) [demonic ancestry]
  4893 | D:5      | Reached XP level 8. HP: 44/52 MP: 17/17
  4980 | D:5      | Found a hide-covered altar of Uskayaw.
  5533 | D:6      | Found a staircase to the Ecumenical Temple.
  5583 | Temple   | Entered the Ecumenical Temple
  5723 | Temple   | Became a worshipper of Cheibriados the Contemplative
  5751 | D:6      | Reached skill level 9 in Conjurations
  5864 | D:6      | Found a bloodstained altar of Trog.
  6091 | D:6      | You pick up a book of Vapours and begin reading...
  6091 | D:6      | You add the spells Poisonous Vapours and Corpse Rot to your
                  | library.
  6406 | D:6      | Reached skill level 10 in Conjurations
  6461 | D:6      | Reached skill level 1 in Fighting
  6678 | D:6      | Reached skill level 2 in Fighting
  7050 | D:6      | Reached skill level 3 in Fighting
  7175 | D:6      | Reached XP level 9. HP: 65/65 MP: 14/18
  7186 | D:6      | Reached * piety under Cheibriados
  7187 | D:6      | Reached skill level 4 in Fighting
  7820 | D:7      | Reached skill level 5 in Fighting
  7976 | D:7      | Reached skill level 6 in Fighting
  8329 | D:7      | Reached skill level 7 in Fighting
  8342 | D:7      | Reached ** piety under Cheibriados
  8793 | D:8      | Noticed a two-headed ogre
  8804 | D:8      | Killed a two-headed ogre
  8805 | D:8      | Reached skill level 9 in Fighting
  9280 | D:8      | Mutation became permanent: You have a pair of small horns
                  | on your head. [demonic ancestry]
  9280 | D:8      | Gained mutation: You have a pair of small horns on your
                  | head. [demonic ancestry]
  9280 | D:8      | Reached XP level 10. HP: 83/83 MP: 19/19
  9422 | D:8      | Noticed a two-headed ogre
  9428 | D:8      | Killed a two-headed ogre
  9429 | D:8      | Reached skill level 10 in Fighting
  9774 | D:9      | Found a runed translucent door.
  9875 | D:9      | Found Locue's Magic Scroll Boutique.
  9915 | D:9      | Reached *** piety under Cheibriados
  9918 | D:9      | Noticed an obsidian statue
  9919 | D:9      | Reached skill level 11 in Fighting
  9924 | D:9      | HP: 13/88 [scroll of holy word (15)]
  9929 | D:9      | Noticed a two-headed ogre
  9929 | D:9      | Noticed a two-headed ogre
 10148 | D:9      | Noticed a smoke demon
 10154 | D:9      | Lost mutation: Your spells are a little easier to cast, but
                  | a little less powerful. [a neqoxec]
 10158 | D:9      | Killed an obsidian statue
 10169 | D:9      | Reached skill level 12 in Fighting
 10488 | D:9      | Found a staircase to the Lair.
 10518 | D:9      | Found Hokkiv's Assorted Antiques.
 10610 | D:9      | Found Ituvokaq's Weapon Shoppe.
 10664 | D:9      | You pick up a book of Hexes and begin reading...
 10664 | D:9      | You add the spells Inner Flame, Cause Fear and Discord to
                  | your library.
 10673 | D:9      | Found a burning altar of Makhleb.
 10673 | D:9      | Found a shimmering altar of Xom.
 10824 | D:9      | Found a runed translucent door.
 10878 | D:9      | Found a basalt altar of Yredelemnul.
 11026 | D:9      | Reached **** piety under Cheibriados
 11033 | D:9      | Noticed a death knight
 11041 | D:9      | HP: 14/91 [mirror damage (20)]
 11386 | D:9      | Noticed a gargoyle
 11398 | D:9      | HP: 8/91 [gargoyle/stone arrow (24)]
 11399 | D:9      | Killed a gargoyle
 11690 | D:9      | Killed a two-headed ogre
 11691 | D:9      | Reached skill level 13 in Fighting
 11691 | D:9      | Gained mutation: You have a pair of horns on your head.
                  | [demonic ancestry]
 11691 | D:9      | Reached XP level 11. HP: 65/98 MP: 8/20
 11834 | D:9      | Killed a two-headed ogre
 12011 | D:10     | Entered Level 10 of the Dungeon
 12230 | D:10     | Noticed a two-headed ogre
 12243 | D:10     | Killed a two-headed ogre
 12244 | D:10     | Reached skill level 1 in Hexes
 12244 | D:10     | Reached skill level 1 in Translocations
 12508 | D:10     | Noticed a two-headed ogre
 12518 | D:10     | Killed a two-headed ogre
 12802 | D:10     | Reached skill level 2 in Hexes
 12812 | D:10     | Reached skill level 2 in Translocations
 13241 | D:10     | Identified the +3 short sword "Hutyil" {vorpal, Int+4 SInv}
 13462 | D:10     | Noticed a two-headed ogre
 13465 | D:10     | Killed a two-headed ogre
 13834 | D:11     | Reached ***** piety under Cheibriados
 13901 | D:11     | Reached skill level 14 in Fighting
 14091 | D:11     | Noticed Grum
 14096 | D:11     | Killed Grum
 14328 | D:11     | Reached skill level 11 in Conjurations
 15357 | D:11     | Found a staircase to the Orcish Mines.
 15566 | D:12     | Noticed a skeletal warrior
 15569 | D:12     | Noticed a death knight
 15578 | D:12     | Killed a death knight
 15581 | D:12     | Killed a skeletal warrior
 15901 | D:12     | Reached ****** piety under Cheibriados
 15902 | D:12     | Reached XP level 12. HP: 108/108 MP: 18/21
 16207 | D:12     | Identified the +5 ring mail "Umif" {Dex+3}
 16374 | D:12     | Noticed a boulder beetle
 16377 | D:12     | Killed a boulder beetle
 16378 | D:12     | Reached skill level 12 in Conjurations
 16642 | D:12     | Noticed Snorg
 16651 | D:12     | Killed Snorg
 16652 | D:12     | Reached skill level 15 in Fighting
 17257 | D:13     | Noticed a two-headed ogre
 17261 | D:13     | Killed a two-headed ogre
 17261 | D:13     | Noticed Lodul
 17269 | D:13     | Noticed a two-headed ogre
 17270 | D:13     | Noticed a two-headed ogre
 17272 | D:13     | Killed Lodul
 17275 | D:13     | Noticed Maurice
 17504 | D:13     | Noticed a centaur warrior
 17514 | D:13     | Killed a centaur warrior
 17644 | D:13     | Reached skill level 16 in Fighting
 17772 | D:13     | Killed a two-headed ogre
 17788 | D:13     | Killed a two-headed ogre
 17797 | D:13     | Killed Maurice
 17798 | D:13     | Reached skill level 7 in Spellcasting
 19319 | D:14     | Noticed a centaur warrior
 19326 | D:14     | Killed a centaur warrior
 19327 | D:14     | Reached XP level 13. HP: 68/119 MP: 10/24
 19628 | D:14     | Reached skill level 8 in Spellcasting
 20216 | D:14     | Reached skill level 17 in Fighting
 20491 | D:14     | Reached skill level 9 in Spellcasting
 20641 | D:14     | Found a broken altar of Ashenzari.
 21240 | D:14     | Reached skill level 10 in Spellcasting
 21390 | D:14     | Found a gate to the Vaults.
 21700 | D:14     | You pick up a book of Blasting and begin reading...
 21881 | D:14     | Hit by a large rock thrown by a cyclops

Vanquished Creatures
  Snorg (D:12)
  2 boulder beetles
  An ogre mage (D:14)
  6 centaur warriors
  11 two-headed ogres
  A death knight (D:12)
  A tengu warrior (D:14)
  A skeletal warrior (D:12)
  Lodul (D:13)
  A deep elf archer (D:14)
  An obsidian statue (D:9)
  An orc knight (D:14)
  A deep elf pyromancer (D:14)
  3 manticores
  10 ugly things
  2 cyclopes (D:13)
  Maurice (D:13)
  A gargoyle (D:9)
  An efreet (D:13)
  An unseen horror (D:13)
  A freezing wraith (D:12)
  A komodo dragon (D:13)
  2 kobold demonologists
  4 yaktaurs (D:14)
  A queen bee (D:13)
  3 trolls
  3 meliai (D:13)
  11 slime creatures
  Sigmund (D:2)
  3 yaks (D:10)
  2 vampires (D:9)
  A basilisk (D:13)
  A wraith (D:12)
  A steam dragon (D:6)
  A hog (shapeshifter) (D:14)
  12 vampire mosquitoes
  Grum (D:11)
  A water moccasin (D:8)
  An ice beast (D:7)
  7 orc warriors
  3 black bears
  10 ogres
  4 wolves (D:11)
  9 centaurs
  A phantom (D:6)
  6 kobold brigands
  2 bullfrogs
  A scorpion (D:4)
  8 gnoll sergeants
  5 wights
  25 killer bees
  8 electric eels
  6 howler monkeys
  2 hounds
  A jelly (D:5)
  6 orc priests
  Crazy Yiuf (D:2)
  4 gnoll shamans
  Terence (D:3)
  16 orc wizards
  4 iguanas
  29 gnolls
  7 adders
  A white imp (D:5)
  3 worms (D:2)
  4 dart slugs
  46 orcs
  9 ball pythons
  3 bats
  3 endoplasms
  5 giant cockroaches
  10 goblins
  2 hobgoblins
  2 jackals (D:1)
  6 quokkas
  2 frilled lizards (D:2)
  20 kobolds
  5 rats
  A fulminant prism (D:14)
387 creatures vanquished.

Vanquished Creatures (collateral kills)
  A killer bee (D:9)
1 creature vanquished.

Vanquished Creatures (others)
  98 fulminant prisms
  3 fungi (D:3)
  26 plants
127 creatures vanquished.

Grand Total: 515 creatures vanquished

Table legend:
 A = Non-vault XP
 B = Vault XP
 C = Vault XP percentage of total XP
 D = Non-vault monster count
 E = Vault monster count
 F = Vault count percentage of total count
                 A         B        C        D         E       F
            +---------+---------+-------+---------+---------+-------
      Total |   38185 |   18663 |  32.8 |     288 |      99 |  25.6
            +---------+---------+-------+---------+---------+-------
        D:1 |      43 |       0 |   0.0 |      22 |       0 |   0.0
        D:2 |     121 |     279 |  69.8 |      29 |       2 |   6.5
        D:3 |     161 |      38 |  19.1 |      23 |       1 |   4.2
        D:4 |     303 |       0 |   0.0 |      20 |       0 |   0.0
        D:5 |     706 |       0 |   0.0 |      17 |       0 |   0.0
        D:6 |    1431 |       0 |   0.0 |      27 |       0 |   0.0
        D:7 |     631 |     579 |  47.9 |       8 |      12 |  60.0
        D:8 |    2257 |       0 |   0.0 |      18 |       0 |   0.0
        D:9 |    2569 |    3682 |  58.9 |      22 |      15 |  40.5
       D:10 |    3447 |       0 |   0.0 |      16 |       0 |   0.0
       D:11 |    2015 |    1164 |  36.6 |      15 |      25 |  62.5
       D:12 |    5659 |     942 |  14.3 |      31 |       1 |   3.1
       D:13 |    4323 |    6281 |  59.2 |      11 |      27 |  71.1
       D:14 |   14519 |    5698 |  28.2 |      29 |      16 |  35.6
            +---------+---------+-------+---------+---------+-------

Illustrated notes

Table legend:
 A = Kills in this place as a percentage of kills in entire the game.
 B = Kills by you in this place as a percentage of kills by you in the entire game.
 C = Kills by friends in this place as a percentage of kills by friends in the entire game.
 D = Other kills in this place as a percentage of other kills in the entire game.
 E = Experience gained in this place as a percentage of experience gained in the entire game.
 F = Experience gained in this place divided by the number of levels of this place that you have seen.
                   A       B       C       D       E      F
               +-------+-------+-------+-------+-------+----------------------
         Total | 100.0 | 100.0 | 100.0 |   N/A | 100.0 | 3789.9
       Dungeon | 100.0 | 100.0 | 100.0 |   N/A | 100.0 | 4060.6
               +-------+-------+-------+-------+-------+----------------------

Table legend: (Time is in decaauts)
 A = Elapsed time spent in this place.
 B = Non-inter-level travel time spent in this place.
 C = Inter-level travel time spent in this place.
 D = Time resting spent in this place.
 E = Time spent auto-exploring this place.
 F = Levels seen in this place.
 G = Mean time per level.
                   A        B        C        D        E       F      G
               +--------+--------+--------+--------+--------+-----+--------+
         Total |  26341 |  25447 |    894 |   8003 |  14981 |  15 | 1756.1 |
       Dungeon |  26184 |  25307 |    877 |   8003 |  14854 |  14 | 1870.3 |
        Temple |    157 |    140 |     17 |      0 |    127 |   1 |  157.0 |
               +--------+--------+--------+--------+--------+-----+--------+

Top non-repeatable levels by time:
    D:14: 3262 daAuts
    D:13: 2694 daAuts
     D:9: 2683 daAuts
    D:11: 2593 daAuts
     D:6: 2243 daAuts
    D:12: 2222 daAuts
    D:10: 2064 daAuts
     D:8: 1611 daAuts
     D:2: 1295 daAuts
     D:7: 1291 daAuts
     D:1: 1250 daAuts
     D:5: 1128 daAuts
     D:4: 927 daAuts
     D:3: 914 daAuts
  Temple: 157 daAuts
